 Dungeon Crawl Stone Soup version 0.18.1-48-g4cf74bf (webtiles) character file.

1134 tyranidshit the Skirmisher (level 8, -3/76 HPs)
             Began as a Deep Dwarf Necromancer on July 12, 2016.
             Was an Initiate of Makhleb.
             Slain by Pikel
             ... wielding a +2 whip of electrocution
              (16 damage)
             ... on level 7 of the Dungeon.
             The game lasted 00:31:29 (4747 turns).

tyranidshit the Skirmisher (Deep Dwarf Necromancer) Turns: 4747, Time: 00:31:31

Health: -3/76      AC:  8    Str: 13    XL:     8   Next: 14%
Magic:  8/26       EV: 12    Int: 17    God:    Makhleb [......]
Gold:   211        SH:  0    Dex: 13    Spells: 2 memorised, 15 levels left

rFire  . . .     SeeInvis .     y - +2 falchion (holy)
rCold  . . .     Gourm    .     f - +1 robe of the Equator {rPois rN++} (curse)
rNeg   + + .     Faith    .     (no shield)
rPois  +         Spirit   .     (no helmet)
rElec  .         Dismiss  .     (no cloak)
rCorr  .         Reflect  .     n - +2 pair of gloves
SustAt .         Harm     .     d - +1 pair of boots
MR     +....                    (no amulet)
Stlth  ++........               (no ring)
                                x - ring of magical power

@: very slightly contaminated, non-regenerating, somewhat resistant to hostile
enchantments, unstealthy
A: damage resistance, recharge devices, sense surroundings 1, slow regeneration
3
a: Device Recharging, Renounce Religion


You were on level 7 of the Dungeon.
You worshipped Makhleb.
Makhleb was noncommittal.
You were not hungry.

You visited 1 branch of the dungeon, and saw 7 of its levels.

You collected 370 gold pieces.
You spent 159 gold pieces at shops.

Inventory:

Hand Weapons
 o - a +0 war axe
 y - a +2 falchion of holy wrath (weapon)
 G - a +0 halberd of chopping
Missiles
 i - 4 needles of paralysis
 p - 5 tomahawks of returning (quivered)
Armour
 d - a +1 pair of boots (worn)
 f - the cursed +1 robe of the Equator (worn) {rPois rN++}
   (You bought it in a shop on level 4 of the Dungeon)

   It protects you from poison.
   It greatly protects you from negative energy.
   It has a curse placed upon it.
 l - a +0 leather armour
 n - a +2 pair of gloves (worn)
Jewellery
 m - an uncursed ring of ice
 r - an uncursed ring of resist corrosion
 x - a ring of magical power (left hand)
Wands
 c - a wand of heal wounds (2/9)
 w - a wand of random effects (31/48)
Scrolls
 a - a scroll of teleportation
 h - a scroll of recharging
 u - 4 scrolls of identify
 D - a scroll of amnesia
 E - 2 scrolls of random uselessness
Potions
 g - a potion of cure mutation
 s - 3 potions of heal wounds
 z - a potion of agility
Books
 b - a book of Necromancy

   Spells                             Type                      Level
   a - Pain                           Necromancy                   1
   b - Animate Skeleton               Necromancy                   1
   c - Vampiric Draining              Necromancy                   3
   d - Regeneration                   Charms/Necromancy            3
   e - Animate Dead                   Necromancy                   4
   f - Control Undead                 Necromancy                   4
 e - a book of Air

   Spells                             Type                      Level
   a - Shock                          Conjuration/Air              1
   b - Swiftness                      Charms/Air                   2
   c - Repel Missiles                 Charms/Air                   2
   d - Static Discharge               Conjuration/Air              3
   e - Lightning Bolt                 Conjuration/Air              5
Comestibles
 j - a meat ration
 B - a beef jerky
 F - a slice of pizza


   Skills:
 + Level 6.0 Fighting
 - Level 2.1 Dodging
 - Level 2.4 Stealth
 + Level 6.0 Spellcasting
 - Level 4.3 Necromancy


You had 15 spell levels left.
You knew the following spells:

 Your Spells              Type           Power        Failure   Level  Hunger
a - Pain                  Necr           ###.         2%          1    None
b - Vampiric Draining     Necr           ###.......   10%         3    ##.....


Dungeon Overview and Level Annotations

Branches:
Dungeon (7/15)             Temple (0/1) D:6

Altars:
Fedhas
Gozag
Makhleb
Nemelex Xobeh
Pakellas
Qazlal
Ru
The Shining One

Shops:
D:4 [

Annotations:
D:4 Aquadorian's ghost, amateur MiFi
D:7 Pikel


Innate Abilities, Weirdness & Mutations

You are resistant to damage.
You can recharge devices by infusing magical energy.
You passively map a small area around you.
You do not regenerate naturally.


Message History

The slave hits you. The slave hits you but does no damage. The slave hits you.
Pikel completely misses you.
You closely miss Pikel. The slave hits you but does no damage.
Pikel hits you with a whip of electrocution!
* * * LOW HITPOINT WARNING * * *
Evoke which item? (* to show all) (? for menu, Esc to quit)
Zapping:
c - a wand of heal wounds (3/9)
Press: ? - help, Shift-Dir - straight line, f - you You feel much better.
This wand has 2 charges left.
Pikel hits you with a whip of electrocution!
You are electrocuted!
You barely miss Pikel.
The slave hits you but does no damage. x2
Pikel hits you but does no damage.
You are electrocuted!
* * * LOW HITPOINT WARNING * * *
The slave hits you but does no damage. The slave hits you.
Pikel hits you with a whip of electrocution.
* * * LOW HITPOINT WARNING * * *
You are electrocuted!
You die...

#.######### , ...
#..pp.K...#* ** #.# *
#######.#######.########
#.# ........#
#..........# #.#
#######p#
#.#.)P.P...####.## , #K#
#....._........... #.#
#p...P.P...####.#. #p#
#K#p.......# #.# #p#
#@#...##)..# #.# * #.###
#ppp..###........
#l#######...# #.##..#
##.####..,
..$....##...###.###.#
#.# #... *
#......'......... ..#
#.#+ #.##...#######..##*
#.##...##### #..#
#...........##..#
#.#########p##..# *


You could see Pikel and 4 slaves.

Vanquished Creatures
  A phantom (D:5)
  An ogre (D:5)
  Blork the orc (D:5)
  A giant frog (D:6)
  A water moccasin zombie (D:5)
  2 scorpions (D:6)
  A howler monkey (D:4)
  2 crimson imps (D:5)
  A hound (D:4)
  3 orc priests
  6 orc wizards
  2 worker ants
  6 gnolls
  5 adders
  4 worms
  3 dart slugs
  4 giant geckos
  25 orcs
  8 giant cockroaches
  12 goblins
  6 hobgoblins
  5 jackals
  3 quokkas
  3 ball pythons
  8 bats
  A giant gecko skeleton (D:5)
  2 giant newts (D:2)
  A jackal skeleton (D:4)
  7 kobolds
  7 rats
132 creatures vanquished.

Notes
Turn   | Place    | Note
--------------------------------------------------------------
     0 | D:1      | tyranidshit the Deep Dwarf Necromancer began the quest for the Orb.
     0 | D:1      | Reached XP level 1. HP: 15/15 MP: 3/3
   113 | D:1      | Reached XP level 2. HP: 8/24 MP: 0/5
   131 | D:1      | Reached skill level 1 in Fighting
   193 | D:1      | HP: 1/25 [dart slug/slug dart (5)]
   368 | D:1      | Found a stormy altar of Qazlal.
   642 | D:1      | Reached XP level 3. HP: 30/31 MP: 4/6
   651 | D:1      | Learned a level 3 spell: Vampiric Draining
   936 | D:2      | Reached XP level 4. HP: 22/39 MP: 2/8
  1083 | D:2      | Gained mutation: You are agile. (Dex +2) [potion of mutation]
  1083 | D:2      | Gained mutation: You are partially covered in iridescent scales (AC +4). [potion of mutation]
  1083 | D:2      | Gained mutation: Your skin changes colour to match your surroundings (Stealth). [potion of mutation]
  1087 | D:2      | Lost mutation: You are agile. (Dex +2) [potion of cure mutation]
  1087 | D:2      | Lost mutation: Your skin changes colour to match your surroundings (Stealth). [potion of cure mutation]
  1087 | D:2      | Lost mutation: You are partially covered in iridescent scales (AC +4). [potion of cure mutation]
  1174 | D:2      | Found a glowing golden altar of the Shining One.
  1174 | D:2      | Found an opulent altar of Gozag.
  1174 | D:2      | Found a sparkling altar of Nemelex Xobeh.
  1313 | D:2      | Found a faded altar to an unknown god.
  1884 | D:3      | Reached XP level 5. HP: 36/46 MP: 0/10
  2033 | D:3      | Found a stormy altar of Qazlal.
  2420 | D:4      | Found Yptoode's Antique Armour Emporium.
  2725 | D:4      | Reached XP level 6. HP: 50/56 MP: 10/12
  2942 | D:4      | Noticed Aquadorian's ghost (amateur MiFi)
  3044 | D:5      | Entered Level 5 of the Dungeon
  3095 | D:5      | Noticed Blork the orc
  3118 | D:5      | Killed Blork the orc
  3224 | D:5      | Reached XP level 7. HP: 46/66 MP: 4/14
  3346 | D:6      | Reached skill level 5 in Spellcasting
  3357 | D:6      | Found a burning altar of Makhleb.
  3366 | D:6      | Became a worshipper of Makhleb the Destroyer
  3545 | D:4      | Bought a heavily jewelled robe for 159 gold pieces
  3555 | D:4      | Identified the cursed +1 robe of the Equator {rPois rN++} (You bought it in a shop on level 4 of the Dungeon)
  3844 | D:5      | Reached skill level 5 in Fighting
  4103 | D:6      | Reached XP level 8. HP: 65/76 MP: 12/16
  4216 | D:6      | Found a sacrificial altar of Ru.
  4221 | D:6      | Found a staircase to the Ecumenical Temple.
  4316 | D:6      | Identified a scroll of acquirement
  4407 | D:6      | Found an oddly glowing altar of Pakellas.
  4582 | D:7      | Found a blossoming altar of Fedhas.
  4678 | D:7      | Noticed Pikel
  4747 | D:7      | Slain by Pikel

Skill      XL: |  1  2  3  4  5  6  7  8 |
---------------+-------------------------+-----
Spellcasting   | 2 3 4 5 6 |  6.0
Fighting       | 1 2 3 4 5 6 |  6.0
Dodging        | |  2.1
Stealth        | |  2.4
Necromancy     | |  4.3

Action                   |  1- 3 |  4- 6 |  7- 9 || total
-------------------------+-------+-------+-------++-------
Melee: Whip              |    36 |    83 |       ||   119
       Unarmed           |     6 |       |       ||     6
       Halberd           |       |     8 |       ||     8
       War axe           |       |    37 |       ||    37
       Falchion          |       |    28 |    97 ||   125
Throw: Tomahawk          |       |    37 |       ||    37
 Cast: Pain              |    46 |    27 |       ||    73
       Vampiric Draining |     4 |    50 |    38 ||    92
Evoke: Wand              |     1 |     3 |     4 ||     8
  Use: Scroll            |     4 |     7 |     4 ||    15
       Potion            |       |     6 |     7 ||    13
 Stab: Sleeping          |     1 |       |       ||     1
  Eat: Bread ration      |     1 |     2 |     1 ||     4
       Meat ration       |       |       |     1 ||     1
Armor: Robe              |    32 |     1 |    49 ||    82
       Leather armour    |       |    84 |    17 ||   101
Dodge: Dodged            |    68 |   174 |   114 ||   356
